 Dungeon Crawl Stone Soup version 0.21-a0-404-g291f19a (webtiles) character file.

61 sagitran the Slasher (level 3, -3/28 HPs)
             Began as a Demonspawn Gladiator on Oct 31, 2017.
             Slain by Sigmund
             ... wielding a +0 scythe
              (7 damage)
             ... on level 3 of the Dungeon.
             The game lasted 00:09:10 (2529 turns).

sagitran the Slasher (Demonspawn Gladiator)         Turns: 2529, Time: 00:09:11

Health: -3/28      AC:  6    Str: 15    XL:     3   Next: 83%
Magic:  3/3        EV: 12    Int:  9    God:
Gold:   153        SH:  3    Dex: 14    Spells: 2/2 levels left

rFire    . . .     SeeInvis .   h - +2 dagger (venom)
rCold    . . .     Gourm    .   e - +0 buckler
rNeg     . . .     Faith    .   b - +0 leather armour
rPois    .         Spirit   .   c - +0 helmet
rElec    .         Reflect  .   (no cloak)
rCorr    .         Harm     .   (no gloves)
MR       .....                  (no boots)
Stlth    +.........             (no amulet)
HPRegen  1.09/turn              (no ring)
MPRegen  0.08/turn              (no ring)

@: about to teleport
A: yellow scales 1, powered by death 1
a: no special abilities


You were on level 3 of the Dungeon.
You were not hungry.

You visited 1 branch of the dungeon, and saw 3 of its levels.

You collected 153 gold pieces.

Inventory:

Hand Weapons
 a - a +0 long sword
 h - a +2 dagger of venom (weapon)
 m - a +0 blowgun
Missiles
 d - 3 throwing nets (quivered)
 p - 5 curare-tipped needles
 s - 2 needles of confusion
Armour
 b - a +0 leather armour (worn)
 c - a +0 helmet (worn)
 e - a +0 buckler (worn)
Jewellery
 q - a cursed ring of loudness {unknown}
Scrolls
 g - a scroll of enchant weapon {unknown}
 i - 4 scrolls of identify {unknown}
 j - a scroll of teleportation
 k - a scroll of enchant armour {unknown}
 l - a scroll of random uselessness {unknown}
Comestibles
 n - a bread ration
 o - 6 fruits
 r - a chunk of flesh


   Skills:
 + Level 2.4 Fighting
 + Level 3.7 Long Blades
 + Level 1.8 Throwing
 + Level 0.2 Armour
 + Level 2.9 Dodging
 + Level 0.3 Stealth
 + Level 0.2 Shields


You had 2 spell levels left.
You didn't know any spells.

Dungeon Overview and Level Annotations

Branches:
Dungeon (3/15)

Altars:
Elyvilon
Fedhas

Annotations:
D:3 Sigmund


Innate Abilities, Weirdness & Mutations

You are partially covered in yellow scales. (AC +2)
You regenerate a little health from kills.


Message History

The rat misses you. You block the giant cockroach's attack.
You closely miss the giant cockroach.
The giant cockroach is almost dead.
Something hits you but does no damage. The giant cockroach barely misses you.
The rat misses you.
You hit the giant cockroach.
You kill the giant cockroach!
The rat bites you but does no damage. Something hits you.
* * * LOW HITPOINT WARNING * * *
You aren't carrying any potions.
As you read the scroll labeled MIOZOXE HYFA, it crumbles to dust.
You feel strangely unstable.
It was a scroll of teleportation.
The rat misses you.
You closely miss the rat.
You hear some strange, mumbled words.
A puff of flame appears from out of thin air!
The puff of flame misses you. The rat bites you.
* * * LOW HITPOINT WARNING * * *
You barely miss the rat. Something hits you!
You die...

#........##.#.##...#
#........+..#.##...#
#........##.#.....#.
#........'.....##.#.
#........#####.# ..
#........+ ..# .## #
#.....†..####...
#...#...r{.......#.#.
.......@....#....#+#+
.........)..#......
............#......
............+......
........##..# .....
.............. ..#.
.......###..###
....... ..


You could see a rat.

Vanquished Creatures
  An adder (D:3)
  5 dart slugs (D:1)
  2 leopard geckos
  A giant cockroach (D:3)
  4 hobgoblins
  2 jackals (D:2)
  8 kobolds
  5 bats
  A frilled lizard (D:3)
  4 goblins
  6 rats
  A bush (D:1)
40 creatures vanquished.

Notes
Turn   | Place    | Note
-------+----------+-------------------------------------------
     0 | D:1      | sagitran the Demonspawn Gladiator began the quest for the Orb.
     0 | D:1      | Reached XP level 1. HP: 16/16 MP: 1/1
   440 | D:1      | Gained mutation: You are partially covered in yellow scales. (AC +2) [demonic ancestry]
   440 | D:1      | Reached XP level 2. HP: 22/22 MP: 2/2
   459 | D:1      | Reached skill level 3 in Long Blades
  1451 | D:2      | Gained mutation: You regenerate a little health from kills. [demonic ancestry]
  1451 | D:2      | Reached XP level 3. HP: 28/28 MP: 3/3
  1680 | D:2      | Found a white marble altar of Elyvilon.
  1737 | D:2      | Found a faded altar of an unknown god.
  1992 | D:2      | Found a blossoming altar of Fedhas.
  2506 | D:3      | Noticed Sigmund
  2529 | D:3      | Slain by Sigmund

Vault maps used:
D:1:      dpeg_arrival_shrine, serial_forest, infiniplex_forest_end_1,
          infiniplex_forest_clump_diagonal, infiniplex_forest_lined_2,
          infiniplex_forest_lined_3, infiniplex_forest_corner_1,
          infiniplex_forest_lined_3, infiniplex_forest_clump_double,
          infiniplex_forest_clump_cross, infiniplex_forest_lined_corner,
          infiniplex_forest_pool
D:2:      elyvilon_altar_3, first_bread, chequers_ecumenical_altar_simple_redux,
          minmay_liquid_box, fedhas_altar_fruit_tree
D:3:      uniq_sigmund

Skill      XL: |  1  2 |
---------------+-------+-----
Long Blades    | 3 |  3.7
Fighting       | |  2.4
Throwing       | |  1.8
Armour         | |  0.2
Dodging        | |  2.9
Stealth        | |  0.3
Shields        | |  0.2

Action                   || total
-------------------------++-------
Melee: Long sword        ||   206
       Dagger            ||    14
 Fire: Blowgun           ||     5
  Use: Scroll            ||     1
       Potion            ||     1
  Eat: Bread ration      ||     1
       Chunk             ||     1
Armor: Leather armour    ||    43
Dodge: Dodged            ||    87
Block: Buckler           ||    16
       Rpst.: Long sword ||    25

Table legend:
 A = Spawn XP
 B = Non-spawn XP
 C = Spawn XP percentage of total XP
 D = Spawn monster count
 E = Non-spawn monster count
 F = Spawn count percentage of total count
 G = Total turns spent on level
                    A         B        C        D         E        F      G
               +---------+---------+-------+---------+---------+-------+---------
         Total |       0 |      88 |   0.0 |       0 |      39 |   0.0 |  2529
               +---------+---------+-------+---------+---------+-------+---------
           D:1 |       0 |      36 |   0.0 |       0 |      15 |   0.0 |  1399
           D:2 |       0 |      28 |   0.0 |       0 |      17 |   0.0 |   636
           D:3 |       0 |      24 |   0.0 |       0 |       7 |   0.0 |   494
               +---------+---------+-------+---------+---------+-------+---------
